 Dungeon Crawl Stone Soup version 0.17-a0-1685-g57e755e (webtiles) character file.

528 matakusis the Ducker (level 7, -3/53 HPs)
             Began as a Demonspawn Gladiator on Aug 19, 2015.
             Slain by an ogre
             ... wielding a +0 giant spiked club
              (31 damage)
             ... on level 4 of the Dungeon.
             The game lasted 00:16:10 (4190 turns).

matakusis the Ducker (Demonspawn Gladiator)         Turns: 4190, Time: 00:16:11

Health: -3/53      AC:  6    Str: 15    XL:     7   Next: 3%
Magic:  7/7        EV: 15    Int: 11    God:
Gold:   151        SH:  0    Dex: 20    Spells: 0 memorised, 6 levels left

rFire  . . .     SeeInvis .     a - +0 war axe
rCold  . . .     Clarity  .     l - +2 robe {rN+}
rNeg   + . .     SustAt   .     (no shield)
rPois  .         Gourm    .     c - +0 helmet
rElec  .         Spirit   .     k - +0 cloak
rCorr  .         Warding  .     (no gloves)
rMut   .         Stasis   .     (no boots)
MR     .....                    (no amulet)
Stlth  ..........               y - ring of loudness (curse)
                                m - ring of wizardry

@: confused, not resistant to hostile enchantments, extremely unstealthy
A: thin skeletal structure 1, agile 1, clever 1, demonic guardian 1
a: no special abilities


You were on level 4 of the Dungeon.
You were not hungry.

You visited 1 branch of the dungeon, and saw 4 of its levels.

You collected 151 gold pieces.

Inventory:

Hand weapons
 a - a +0 war axe (weapon)
 o - a +2 halberd of venom
Missiles
 d - 2 throwing nets (quivered)
 f - 17 poisoned needles
Armour
 b - a +0 leather armour
 c - a +0 helmet (worn)
 k - a +0 cloak (worn)
 l - a +2 robe of positive energy (worn)
Jewellery
 m - a ring of wizardry (left hand)
 y - a cursed ring of loudness (right hand)
Magical devices
 t - a wand of confusion (0)
Scrolls
 n - 2 scrolls of teleportation
 p - 3 scrolls of identify
 q - a scroll of blinking
 s - a scroll of immolation
 A - a scroll of enchant weapon {unknown}
Potions
 i - a potion of might
 j - a potion of agility {unknown}
 r - a potion of flight {unknown}
 u - a potion of resistance
 x - a potion of haste {unknown}
Comestibles
 e - 2 bread rations
 g - 4 fruits
 h - 3 meat rations
 v - 9 chunks of flesh
 z - a slice of pizza


   Skills:
 + Level 3.8 Fighting
 + Level 4.4 Axes
 + Level 2.0 Throwing
 + Level 2.6 Armour
 + Level 4.6 Dodging


You had 6 spell levels left.
You didn't know any spells.

Dungeon Overview and Level Annotations

Branches:
Dungeon (4/15)
 Temple: D:4-7

Altars:
Ashenzari
Sif Muna


Innate Abilities, Weirdness & Mutations

You have a somewhat thin skeletal structure (Dex +2, Stealth).
A weak demonic guardian rushes to your aid.
You are agile. (Dex +2)
Your mind is acute. (Int +2)


Message History

The ogre shouts!
Your quasit bites the ogre but does no damage.
Your quasit claws the ogre. x2
The ogre hits you with a giant spiked club!!
Ouch! That really hurt!
Your quasit barely misses the ogre.
Your quasit claws the ogre.
Your quasit claws the ogre.
A worker ant comes into view.
Your quasit bites the ogre.
Your quasit barely misses the ogre.
Your quasit barely misses the ogre.
The worker ant moves out of view.
Your quasit bites the ogre.
Your quasit claws the ogre.
Your quasit completely misses the ogre.
Your crimson imp blinks!
Drink which item? (? for menu, Esc to quit)
You are confused.
You feel invigorated.
The worker ant twitches its antennae in your direction.
The ogre hits you with a giant spiked club!!
Ouch! That really hurt!
You die...

................#
................#
................##
.................#
..............#..##.
.............ยง......
########....5....##
##...O....##
##..@.....#
#........#
#.........#
#...........#
#............#
#.............#
.a.............
..#####........


You could see an ogre, a worker ant and a friendly quasit.

Vanquished Creatures
  Sigmund (D:2)
  Ijyb (D:2)
  An iguana (D:4)
  3 orc priests
  3 river rats (D:2)
  6 adders
  5 gnolls
  3 worms (D:3)
  6 orcs
  3 giant cockroaches
  7 goblins
  5 hobgoblins
  7 jackals
  6 kobolds
  3 quokkas
  A ball python (D:2)
  5 bats
  3 giant geckos
  3 giant newts
  9 rats
  A plant (D:2)
82 creatures vanquished.

Vanquished Creatures (collateral kills)
  A worker ant (D:4)
  An orc (D:4)
2 creatures vanquished.

Vanquished Creatures (others)
  An orc wizard (D:3)
1 creature vanquished.

Grand Total: 85 creatures vanquished

Notes
Turn   | Place    | Note
--------------------------------------------------------------
     0 | D:1      | matakusis the Demonspawn Gladiator began the quest for the Orb.
     0 | D:1      | Reached XP level 1. HP: 16/16 MP: 1/1
   245 | D:1      | Gained mutation: You are agile. (Dex +2) [potion of beneficial mutation]
   286 | D:1      | Gained mutation: You have a somewhat thin skeletal structure (Dex +2, Stealth). [demonic ancestry]
   286 | D:1      | Reached XP level 2. HP: 5/22 MP: 2/2
   529 | D:1      | Reached skill level 3 in Axes
  1166 | D:1      | Reached skill level 1 in Armour
  1231 | D:1      | Reached XP level 3. HP: 27/27 MP: 3/3
  1628 | D:2      | Gained mutation: Your mind is acute. (Int +2) [potion of beneficial mutation]
  1927 | D:2      | Noticed Ijyb
  1994 | D:2      | Killed Ijyb
  1994 | D:2      | Gained mutation: A weak demonic guardian rushes to your aid. [demonic ancestry]
  1994 | D:2      | Reached XP level 4. HP: 17/34 MP: 4/4
  2294 | D:2      | Noticed Sigmund
  2309 | D:2      | Killed Sigmund
  2309 | D:2      | Reached XP level 5. HP: 29/41 MP: 5/5
  2392 | D:2      | Reached XP level 6. HP: 28/47 MP: 6/6
  2405 | D:2      | Found a shattered altar of Ashenzari.
  3227 | D:3      | Reached skill level 4 in Axes
  3607 | D:3      | Found a deep blue altar of Sif Muna.
  4177 | D:4      | Reached XP level 7. HP: 53/53 MP: 7/7
  4190 | D:4      | Slain by an ogre

Vault maps used:
D:1:      dpeg_arrival_pits, serial_park_tiny_pond, kennysheep_boxes
D:2:      wad_woods_settlement, evilmike_ruin_ashenzari, uniq_sigmund, uniq_iyjb
D:3:      first_bread, led_sif_book

Action                   |  1- 3 |  4- 6 |  7- 9 || total
-------------------------+-------+-------+-------++-------
Melee: War axe           |   172 |   184 |       ||   356
Throw: Throwing net      |       |     1 |       ||     1
  Use: Potion            |     3 |       |     1 ||     4
       Scroll            |       |     8 |       ||     8
 Stab: Sleeping          |     2 |     3 |       ||     5
  Eat: Chunk             |     3 |     8 |       ||    11
